 Dungeon Sprint DCSS version 0.30-a0-311-gf115ab0292 (webtiles) character file.

Game seed: 15440267331781095330

2250 rocky1 the Grappler (level 9, -1/100 HPs)
             Began as a Purple Draconian Transmuter on Oct 26, 2022.
             Was an Initiate of Gozag.
             Slain by a four-headed hydra (13 damage)
             ... in the Dungeon (Sprint IX: "|||||||||||||||||||||||||||||").
             The game lasted 00:02:31 (598 turns).

rocky1 the Grappler (Purple Draconian Transmuter)    Turns: 598, Time: 00:02:31

Health: -1/100     AC:  8    Str: 17    XL:     9   Next: 15%
Magic:  18/23      EV: 12    Int: 20    God:    Gozag
Gold:   558        SH:  0    Dex: 11    Spells: 18/28 levels left

rFire   x . .      SeeInvis .      - Unarmed
rCold   + + +      Faith    .    (shield currently unavailable)
rNeg    . . .      Spirit   .    (body armour unavailable)
rPois   +          Reflect  .    (helmet currently unavailable)
rElec   .          Harm     .    (cloak currently unavailable)
rCorr   .          Rampage  .    (gloves currently unavailable)
Will    +....      NoTele   +    (boots currently unavailable)
Stlth   +.........               (no amulet)
HPRegen 0.36/turn                l - +3 ring of intelligence
MPRegen 0.18/turn                m - +3 ring of strength

@: ice-form, gold aura, hasted, very quick
A: freezing attack, amphibious, boosted hp, (breathe power), AC +7, large,
unfitting armour, (cold-blooded)
a: End Transformation, Renounce Religion, Potion Petition, Call Merchant, Bribe
Branch


You were in the Dungeon.
You worshipped Gozag.
Gozag was pleased with you.
You were a creature of crystalline ice.
You visited 1 branch You collected 558 gold pieces.

Inventory:

Armour
 j - a +0 pair of gloves
 k - a +0 cloak
Jewellery
 l - a +3 ring of intelligence (left front paw)
 m - a +3 ring of strength (right front paw)
Wands
 i - a wand of acid (10)
Scrolls
 g - 2 scrolls of blinking
 h - 2 scrolls of amnesia
Potions
 a - a potion of lignification
 b - 5 potions of curing
 e - 4 potions of magic


   Skills:
 + Level 9.4 Fighting
 + Level 8.1 Dodging
 * Level 12.4 Unarmed Combat
 + Level 10.0 Spellcasting
 + Level 8.8 Transmutations


You had 18 spell levels left.
You knew the following spells:

 Your Spells              Type           Power      Damage    Failure   Level
a - Beastly Appendage     Tmut           90%        N/A       1%          1
b - Wereblood             Tmut           45%        N/A       1%          2
c - Spider Form           Tmut/Pois      27%        N/A       3%          3
d - Ice Form              Ice/Tmut       27%        N/A       11%         4

Your spell library contained the following spells:

 Spells                   Type           Power      Damage    Failure   Level


Dungeon Overview and Level Annotations

Branches:
Dungeon (1/1)

Altars:
Cheibriados
Dithmenos
Elyvilon
Fedhas
Gozag
Hepliaklqana
Kikubaaqudgha
Makhleb
Nemelex Xobeh
Okawaru
Qazlal
Ru
Sif Muna
Trog
Uskayaw
Vehumet
Wu Jian
Xom
Yredelemnul
Zin
The Shining One
Jiyva
Lugonu


Innate Abilities, Weirdness & Mutations

You are a creature of crystalline ice.
You have a powerful freezing melee attack.
You are amphibious.
Your maximum health is increased.
Your armour is entirely melded.
You are incapable of wielding weapons or throwing items.
((You can breathe bolts of dispelling energy.))
((Your rich purple scales are hard. (AC +7)))
You cannot fit into any form of body armour.
((You are cold-blooded and may be slowed by cold attacks.))


Message History

Unknown command.
Casting: Ice Form (dangerous; 12% risk of failure)
Confirm with . or Enter, or press ? or * to list all spells.
You turn into a creature of crystalline ice.
The troll closely misses you. The troll completely misses you.
The troll claws you!
Unknown command.
You barely miss the troll. The troll bites you.
The troll claws you but does no damage. The troll closely misses you.
You punch the troll! You freeze the troll.
The troll is moderately wounded.
The troll completely misses you. The troll claws you but does no damage.
The troll claws you!
* * * LOW HITPOINT WARNING * * *
Unknown command.
You feel yourself speed up. The troll bites you.
* * * LOW HITPOINT WARNING * * *
The troll claws you!
* * * LOW HITPOINT WARNING * * *
The troll misses you.
The gargoyle is distracted by your dazzling golden aura.
Unknown command.
You pummel the troll!! You freeze the troll.
You kill the troll!
Your Dodging skill increases to level 8!
Your Spellcasting skill increases to level 10!
Unknown command.
You punch the four-headed hydra!
The four-headed hydra seems to slow down.
You freeze the four-headed hydra.
The four-headed hydra is lightly wounded.
You punch the four-headed hydra!
The four-headed hydra seems to slow down.
You freeze the four-headed hydra.
The four-headed hydra is moderately wounded.
You hit the four-headed hydra. You freeze the four-headed hydra.
The four-headed hydra is moderately wounded.
The four-headed hydra bites you!
You die...
Your body crumbles into a pile of gold.

$
▓.▓
$
▓'▓
▓)▓
$
▓.▓
$
▓)▓
$ $
▓.▓
$
▓.▓
$
▓$▓
▓Y▓
▓D▓
▓.▓
▓9▓
▓.▓
▓.▓
▓.▓
▓+▓


You could see a four-headed hydra (slow) and a gargoyle.

Vanquished Creatures
  A catoblepas (D)
  A tengu warrior (D)
  A manticore (D)
  A troll (D)
  A vampire (D)
  A vampire mosquito (D)
  A steam dragon (D)
  2 centaurs (D)
  A killer bee (D)
  A howler monkey (D)
  A hound (D)
  An iguana (D)
  An adder (D)
  A worm (D)
  A ball python (D)
  A bat (D)
  An endoplasm (D)
  A kobold (D)
  A rat (D)
20 creatures vanquished.

Notes
Turn   | Place    | Note
-------+----------+-------------------------------------------
     0 | D        | rocky1 the Draconian Transmuter began the quest for the
                  | Orb.
     0 | D        | Reached XP level 1. HP: 16/16 MP: 3/3
    21 | D        | Noticed a hound
    21 | D        | Noticed an iguana
    21 | D        | Noticed a howler monkey
    29 | D        | Killed a hound
    30 | D        | Reached skill level 4 in Unarmed Combat
    30 | D        | Reached XP level 2. HP: 25/25 MP: 3/6
    30 | D        | Reached XP level 3. HP: 30/30 MP: 3/7
    36 | D        | Reached skill level 5 in Unarmed Combat
    36 | D        | Reached XP level 4. HP: 35/38 MP: 3/9
   124 | D        | Learned a level 2 spell: Wereblood
   128 | D        | Learned a level 3 spell: Spider Form
   133 | D        | Learned a level 4 spell: Ice Form
   135 | D        | Found a snail-covered altar of Cheibriados.
   135 | D        | Found a shadowy altar of Dithmenos.
   135 | D        | Found a white marble altar of Elyvilon.
   135 | D        | Found a blossoming altar of Fedhas.
   135 | D        | Found an opulent altar of Gozag.
   136 | D        | Found a hazy altar of Hepliaklqana.
   137 | D        | Found a viscous altar of Jiyva.
   138 | D        | Found an ancient bone altar of Kikubaaqudgha.
   139 | D        | Found a corrupted altar of Lugonu.
   140 | D        | Found a burning altar of Makhleb.
   141 | D        | Found a sparkling altar of Nemelex Xobeh.
   142 | D        | Found an iron altar of Okawaru.
   143 | D        | Became a worshipper of Gozag Ym Sagoz the Greedy
   144 | D        | Found a stormy altar of Qazlal.
   145 | D        | Found a sacrificial altar of Ru.
   146 | D        | Found a shimmering blue altar of Sif Muna.
   147 | D        | Found a bloodstained altar of Trog.
   148 | D        | Found a hide-covered altar of Uskayaw.
   149 | D        | Found a radiant altar of Vehumet.
   150 | D        | Found an ornate altar of the Wu Jian Council.
   151 | D        | Found a shimmering altar of Xom.
   152 | D        | Found a basalt altar of Yredelemnul.
   153 | D        | Found a glowing silver altar of Zin.
   154 | D        | Found a glowing golden altar of the Shining One.
   183 | D        | Noticed a centaur
   183 | D        | Noticed a vampire mosquito
   183 | D        | Noticed a vampire
   183 | D        | Noticed a steam dragon
   183 | D        | Noticed a centaur
   186 | D        | Killed a centaur
   187 | D        | Reached skill level 5 in Fighting
   187 | D        | Reached skill level 7 in Unarmed Combat
   187 | D        | Reached skill level 5 in Transmutations
   187 | D        | Reached XP level 5. HP: 48/48 MP: 7/12
   194 | D        | Killed a vampire mosquito
   195 | D        | Reached skill level 5 in Dodging
   195 | D        | Reached skill level 8 in Unarmed Combat
   195 | D        | Reached skill level 5 in Spellcasting
   195 | D        | Reached XP level 6. HP: 57/57 MP: 8/14
   202 | D        | Killed a vampire
   203 | D        | Reached skill level 9 in Unarmed Combat
   204 | D        | Killed a steam dragon
   205 | D        | Your scales start taking on a rich purple colour.
   205 | D        | Reached XP level 7. HP: 42/66 MP: 10/18
   527 | D        | Noticed a tengu warrior
   527 | D        | Noticed a manticore
   527 | D        | Noticed a troll
   527 | D        | Noticed a catoblepas
   527 | D        | Noticed a gargoyle
   527 | D        | Noticed a four-headed hydra
   539 | D        | Killed a tengu warrior
   540 | D        | Reached skill level 11 in Unarmed Combat
   540 | D        | Reached XP level 8. HP: 17/74 MP: 15/20
   552 | D        | Killed a manticore
   590 | D        | Killed a catoblepas
   591 | D        | Reached skill level 12 in Unarmed Combat
   591 | D        | Reached XP level 9. HP: 41/83 MP: 22/22
   595 | D        | Killed a troll
   596 | D        | Reached skill level 10 in Spellcasting
   598 | D        | Slain by a four-headed hydra

Illustrated notes

Levels and vault maps discovered:
D:        linesprint [early_d, line_temple, items_1, d_10, items_2, lair_1,
          lair_end, items_3, orc_1, orc_end, items_4, d_15, swamp_1, shoals_1,
          snake_1, spider_1, d_20, vaults_1, items_5, swamp_end, shoals_end,
          snake_end, spider_end, vaults_end, d_27, items_6, zot_1, zot_end,
          crypt_end, forest_end, elf_end, slime_end, tomb_end, abyss_end,
          pan_hell_end]

Skill      XL: |  1  2  3  4  5  6  7  8  9 |
---------------+----------------------------+-----
Dodging        | 2 3 4 5 6 7 8 |  8.1
Fighting       | 2 3 5 6 7 8 9 |  9.4
Unarmed Combat | 4 5 7 8 9 11 12 | 12.4
Spellcasting   | 3 4 5 7 8 9 10 | 10.0
Transmutations | 3 5 6 7 8 |  8.8

Action                   |  1- 3 |  4- 6 |  7- 9 || total
-------------------------+-------+-------+-------++-------
Melee: Unarmed           |    20 |    25 |    22 ||    67
       Tailslap          |     3 |     1 |       ||     4
       Kick              |     4 |     3 |       ||     7
       Headbutt          |     2 |       |       ||     2
 Cast: Beastly Appendage |     2 |       |       ||     2
       Ice Form          |       |     1 |     2 ||     3
  Use: Potion            |     1 |       |     5 ||     6
 Stab: Petrifying        |       |       |     1 ||     1
       Invisible         |       |       |     1 ||     1
       Petrified         |       |       |     1 ||     1
Armor: Skin              |     5 |     8 |    12 ||    25
Dodge: Dodged            |     7 |    14 |    17 ||    38

Table legend: (Time is in decaauts)
 A = Elapsed time spent in this place.
 B = Non-inter-level travel time spent in this place.
 C = Inter-level travel time spent in this place.
 D = Time resting spent in this place.
 E = Time spent auto-exploring this place.
 F = Levels seen in this place.
 G = Mean time per level.
                   A        B        C        D        E       F      G
               +--------+--------+--------+--------+--------+-----+--------+
         Total |    593 |    593 |      0 |    419 |      0 |   1 |  593.0 |
       Dungeon |    593 |    593 |      0 |    419 |      0 |   1 |  593.0 |
               +--------+--------+--------+--------+--------+-----+--------+

Top non-repeatable levels by time:
       D: 593 daAuts
